 Dungeon Crawl Stone Soup version 0.29.1-14-g9c671dbff4 (console) character file.

Game seed: 2012055929113051058

178044 mcsnuffer the Eclecticist (level 17, 98/106 HPs)
             Began as a Deep Elf Conjurer on Feb 12, 2023.
             Was a High Priest of Vehumet.
             Quit the game on level 3 of the Elven Halls on Feb 13, 2023.
             The game lasted 05:20:33 (44946 turns).

mcsnuffer the Eclecticist (Deep Elf Conjurer)      Turns: 44946, Time: 05:20:33

Health: 98/106     AC: 11    Str:  6    XL:     17   Next: 56%
Magic:  21/40      EV: 18    Int: 36    God:    Vehumet [*****.]
Gold:   694        SH: 12    Dex: 13    Spells: 10/50 levels left

rFire   + + +      SeeInvis .   l - +9 long sword {spect, *Corrode rF++ rN+}
rCold   + + .      Faith    .   t - +2 buckler
rNeg    + . .      Spirit   .   T - +0 robe "Xoceip Mun" {*Slow rElec rF+ rC+}
rPois   +          Reflect  +   V - +2 helmet
rElec   +          Harm     .   g - +2 cloak {Will+}
rCorr   .          Rampage  +   U - +1 pair of gloves
Will    +++..                   j - +0 pair of boots {rampage}
Stlth   ++++......              W - amulet of reflection
HPRegen 0.27/turn               Q - +6 ring of intelligence
MPRegen 0.27/turn               X - ring of poison resistance

@: no status effects
A: cold resistance 1, strong-willed 1, no potion heal 1
a: Renounce Religion


You were on level 3 of the Elven Halls.
You worshipped Vehumet.
Vehumet was extremely pleased with you.
You visited 5 branches of the dungeon, and saw 26 of its levels.
You also visited: Gauntlet, Ice Cave and Volcano.

You collected 3037 gold pieces.
You spent 2343 gold pieces at shops.


Innate Abilities, Weirdness & Mutations

Your flesh is cold resistant. (rC+)
You are strong-willed. (Will+)
Potions are less effective at restoring your health.


   Skills:
 + Level 11.9 Fighting
 - Level 14.0 Dodging
 - Level 10.0 Stealth
 - Level 5.0 Shields
 - Level 17.0 Spellcasting
 - Level 16.0 Conjurations
 - Level 11.0 Summonings
 - Level 9.0 Air Magic
 - Level 12.0 Earth Magic
 - Level 4.0 Evocations


You had 10 spell levels left.
You knew the following spells:

 Your Spells              Type           Power      Damage    Failure   Level
a - Lehudib's Crystal Sp  Conj/Erth      46%        10d11     9%          8
b - Sublimation of Blood  Necr           30%        N/A       2%          2
c - Summon Cactus Giant   Summ           41%        N/A       2%          6
d - Iskenderun's Mystic   Conj/Tloc      73%        2d15      1%          4
e - Airstrike             Air            38%        2d(6-22)  1%          4
f - Swiftness             Air            77%        N/A       1%          3
g - Iron Shot             Conj/Erth      46%        9d9       1%          6
h - Spellforged Servitor  Conj/Summ      45%        N/A       1%          7

Your spell library contained the following spells:

 Spells                   Type           Power      Damage    Failure   Level
 Yara's Violent Unravell  Hex/Tmut       15%        3d8       11%         5
 Magic Dart               Conj           100%       1d8       0%          1
 Shock                    Conj/Air       100%       1d9       0%          1
 Searing Ray              Conj           100%       2d8       0%          2
 Apportation              Tloc           60%        N/A       1%          1
 Beastly Appendage        Tmut           60%        N/A       1%          1
 Necrotise                Necr           100%       1d9       1%          1
 Call Imp                 Summ           83%        N/A       1%          2
 Poisonous Vapours        Pois/Air       100%       N/A       1%          2
 Scorch                   Fire           60%        2d8       1%          2
 Call Canine Familiar     Summ           83%        N/A       1%          3
 Dazzling Flash           Conj/Hex       100%       N/A       1%          3
 Frozen Ramparts          Ice            60%        1d10      1%          3
 Mephitic Cloud           Conj/Pois/Air  74%        N/A       1%          3
 Summon Guardian Golem    Hex/Summ       63%        N/A       1%          3
 Animate Armour           Summ/Erth      100%       N/A       1%          4
 Flame Wave               Conj/Fire      73%        2d16      1%          4
 Fulminant Prism          Conj/Hex       36%        3d18      1%          4
 Hailstorm                Conj/Ice       73%        3d15      1%          4
 Leda's Liquefaction      Hex/Erth       32%        N/A       1%          4
 Petrify                  Tmut/Erth      65%        N/A       1%          4
 Sticky Flame             Conj/Fire      73%        2d9       1%          4
 Summon Ice Beast         Ice/Summ       63%        N/A       1%          4
 Conjure Ball Lightning   Conj/Air       44%        3x3d15    1%          6
 Orb of Destruction       Conj           49%        9d13      1%          7
 Wereblood                Tmut           30%        N/A       2%          2
 Starburst                Conj/Fire      36%        6d11      2%          6
 Portal Projectile        Hex/Tloc       60%        N/A       4%          3
 Spider Form              Tmut/Pois      30%        N/A       4%          3
 Vampiric Draining        Necr           30%        2d8       4%          3
 Corpse Rot               Necr/Pois/Air  51%        N/A       4%          4
 Summon Forest            Summ/Tloc      31%        N/A       4%          5
 Silence                  Hex/Air        29%        N/A       6%          5
 Summon Hydra             Summ           41%        N/A       13%         7
 Animate Dead             Necr           30%        N/A       14%         4
 Ice Form                 Ice/Tmut       30%        N/A       14%         4
 Passage of Golubria      Tloc           30%        N/A       14%         4
 Statue Form              Tmut/Erth      43%        N/A       19%         6
 Agony                    Necr           30%        N/A       36%         5
 Alistair's Intoxication  Tmut/Pois      20%        N/A       36%         5
 Blade Hands              Tmut           15%        N/A       36%         5
 Metabolic Englaciation   Hex/Ice        15%        N/A       36%         5
 Eringya's Noxious Bog    Tmut/Pois      15%        N/A       45%         6
 Haunt                    Necr/Summ      31%        N/A       77%         7
 Death Channel            Necr           15%        N/A       91%         6
 Simulacrum               Ice/Necr       15%        N/A       91%         6
 Discord                  Hex            15%        N/A       100%        8
 Disjunction              Tloc           15%        N/A       100%        8
 Ignition                 Fire           15%        3d6       100%        8
 Infestation              Necr           15%        N/A       100%        8
 Necromutation            Tmut/Necr      15%        N/A       100%        8
 Death's Door             Necr           15%        N/A       100%        9

Inventory:

Hand Weapons
 l - the +9 long sword "Woph" (weapon) {spect, *Corrode rF++ rN+}
   (You took it off a deep elf zephyrmancer on level 3 of the Elven Halls)

   When its wielder attacks, the weapon's spirit leaps out and strikes again.
   The spirit shares a part of any damage it takes with its wielder.
   rF:        It greatly protects you from fire.
   rN:        It protects you from negative energy.
   *Corrode:  It may corrode you when you take damage.
Missiles
 d - 6 throwing nets
Armour
 g - a +2 cloak of willpower (worn)
 j - a +0 pair of boots of rampaging (worn)
 n - a +0 cloak of preservation
 t - a +2 buckler (worn)
 M - the +4 robe of Articulation {rPois rN+}
   (You found it on level 3 of the Lair of Beasts)

   rPois:     It protects you from poison.
   rN:        It protects you from negative energy.
 T - the +0 robe "Xoceip Mun" (worn) {*Slow rElec rF+ rC+}
   (You found it on level 6 of the Dungeon)

   rF:        It protects you from fire.
   rC:        It protects you from cold.
   rElec:     It insulates you from electricity.
   *Slow:     It may slow you when you take damage.
 U - a +1 pair of gloves (worn)
 V - a +2 helmet (worn)
Magical Staves
 r - a staff of fire
 H - a staff of air
 S - a staff of earth
Jewellery
 x - a ring of see invisible
 z - a ring of wizardry
 C - a ring of protection from fire
 O - a ring of flight
 Q - a +6 ring of intelligence (left hand)
 R - the ring of Beijosun {*Slow rF+ rC+++ Str+10 Int-3}
   (You found it in a Gauntlet)

   [ring of protection from fire]

   Str:       It affects your strength (+10).
   Int:       It affects your intelligence (-3).
   rF:        It protects you from fire.
   rC:        It renders you almost immune to cold.
   *Slow:     It may slow you when you take damage.
 W - an amulet of reflection (around neck)
 X - a ring of poison resistance (right hand)
Wands
 k - a wand of digging (21)
 E - a wand of paralysis (11)
 I - a wand of acid (2)
 L - a wand of flame (28)
 N - a wand of roots (19)
Scrolls
 a - 5 scrolls of noise
 c - 4 scrolls of torment
 f - 4 scrolls of enchant armour
 h - 6 scrolls of fog {!r}
 q - 4 scrolls of vulnerability
 u - 4 scrolls of magic mapping
 v - 9 scrolls of poison
 y - a scroll of fear {!r}
 A - 5 scrolls of brand weapon
 D - 9 scrolls of teleportation {!r}
 J - 2 scrolls of amnesia
 K - 4 scrolls of summoning
 P - 7 scrolls of immolation
 Z - 3 scrolls of blinking {!r}
Potions
 b - 4 potions of magic
 e - 2 potions of haste {!q}
 i - a potion of resistance
 m - 4 potions of ambrosia
 o - 3 potions of invisibility
 p - 12 potions of curing {!q}
 s - 3 potions of mutation
 w - 3 potions of brilliance
 F - a potion of cancellation {!q}
 G - 4 potions of heal wounds {!q}
 Y - 3 potions of berserk rage {!q}
Miscellaneous
 B - a tin of tremorstones (2/2)

Dungeon Overview and Level Annotations

Branches:
Dungeon (15/15)            Temple (1/1) D:7            Lair (5/5) D:10
 Shoals (0/4) Lair:2       Spider (0/4) Lair:2        Slime (0/5) Lair:5
    Orc (2/2) D:9             Elf (3/3) Orc:2        Vaults (0/5) D:13
 Depths (0/4) D:15          IceCv (visited)         Volcano (visited)
Gauntlet (visited)

Altars:
Ashenzari
Cheibriados
Dithmenos
Elyvilon
Fedhas
Gozag
Hepliaklqana
Kikubaaqudgha
Makhleb
Nemelex Xobeh
Okawaru
Qazlal
Ru
Sif Muna
Trog
Uskayaw
Vehumet
Wu Jian
Xom
Yredelemnul
Zin
The Shining One
Jiyva

Shops:
D:2 [   D:9 *   D:15 [   Orc:2 [(*?:   Elf:2 !

Annotations:
D:8 exclusion: 2 oklob saplings
D:12 2 runed translucent doors, Pelo's ghost, journeyman HOBe
D:14 1 transporter

*,,,......,........#..###..###
*,,,......,,#.......##* ###..#
*,,,......,**#...#.#* ##.#
***,#.....#####)##.# #.#
*,*#...#.......#.# #.#
*,***###.......#.# #.# *,*
##..........## ##.#
***,***##...........### ###.(#
*,<,,,*#..............###..###
# *,,,,,*#.................#.#
# *,,,,,*#........@.....####.#
#.
***,......................!#
#.# **#####.............######
#.# ##.......###### #.#
#.......# ## #########


There were no monsters in sight!


Message History

You now have 16/40 mp.
Casting: Iron Shot (mildly dangerous; 1% risk of failure)
Confirm with . or Enter, or press ? or * to list all spells.
Aiming: Iron Shot (mildly dangerous; 1% risk of failure)
Press: ? - help, Shift-Dir - straight line, f/p - deep elf zephyrmancer
Aim: a deep elf zephyrmancer, wielding the +9 long sword "Woph" {spect, *Corrode rF++ rN+} (71% to hit)
You feel a surge of power!
The iron shot hits the deep elf zephyrmancer!!!
You kill the deep elf zephyrmancer!
Vehumet accepts your kill.
You now have 10/40 mp.
You start resting.
HP restored.
You regained 8 hp, and now have 95/106 hp.
You regained 8 mp, and now have 18/40 mp.
There is an open door, spattered with blood here.
Items here: ))) [.
Okay, then.
You drop a +2 battleaxe of distortion {monqy}.
l - the +9 long sword "Woph" {spect, *Corrode rF++ rN+} You feel a bond with the +9 long sword "Woph" {spect, *Corrode rF++ rN+}.
l - the +9 long sword "Woph" (weapon)
{spect, *Corrode rF++ rN+}
Casting: Iron Shot (mildly dangerous; 1% risk of failure)
Confirm with . or Enter, or press ? or * to list all spells.
Okay, then.
Saving game... please wait.
Welcome back, mcsnuffer the Deep Elf Conjurer.
Vehumet says: Let it end in hellfire!
Press ? for a list of commands and other information.
Are you sure you want to abandon this character and quit the game? (Confirm with "yes".)

Skill      XL: |  1  2  3  4  5  6  7  8  9 10 11 12 13 14 15 16 17 |
---------------+----------------------------------------------------+-----
Spellcasting   | 4 5 6 9 12 13 15 16 17 | 17.0
Conjurations   | 5 6 7 10 12 13 14 15 16 | 16.0
Stealth        | 3 4 5 7 8 10 | 10.0
Fighting       | 1 2 4 6 7 9 11 | 11.9
Dodging        | 3 4 6 7 9 12 13 14 | 14.0
Air Magic      | 3 7 9 |  9.0
Evocations     | 4 |  4.0
Earth Magic    | 3 7 10 12 | 12.0
Summonings     | 1 6 10 11 | 11.0
Shields        | 5 |  5.0

Action                   |  1- 3 |  4- 6 |  7- 9 | 10-12 | 13-15 | 16-18 || total
-------------------------+-------+-------+-------+-------+-------+-------++-------
Melee: Dagger            |     2 |     5 |       |       |       |       ||     7
       Glaive            |       |       |       |     5 |     9 |       ||    14
       Staff             |       |       |       |       |     5 |     9 ||    14
Throw: Dart              |       |       |     1 |       |       |       ||     1
 Cast: Magic Dart        |    49 |    27 |   100 |    82 |     2 |       ||   260
       Searing Ray       |     2 |    14 |    69 |    36 |     2 |       ||   123
       Fulminant Prism   |       |       |     7 |    15 |     2 |       ||    24
       Airstrike         |       |       |     1 |   141 |   295 |   112 ||   549
       Iskenderun's Myst |       |       |       |    52 |   124 |    58 ||   234
       Swiftness         |       |       |       |     3 |     5 |       ||     8
       Iron Shot         |       |       |       |    11 |   212 |   144 ||   367
       Sublimation of Bl |       |       |       |       |     2 |     7 ||     9
       Spellforged Servi |       |       |       |       |     1 |     8 ||     9
Evoke: Wand              |       |       |       |    16 |    19 |    10 ||    45
  Use: Scroll            |     2 |     1 |     7 |     9 |    18 |     4 ||    41
       Potion            |       |     1 |     5 |     4 |     3 |     1 ||    14
Armor: Robe              |       |     5 |    22 |    18 |    37 |     3 ||    85
       Skin              |       |     6 |       |       |       |       ||     6
Dodge: Dodged            |     4 |     7 |    77 |    86 |   125 |    25 ||   324
Block: Buckler           |       |       |       |       |     9 |    26 ||    35
       Reflection        |       |       |       |       |     2 |    12 ||    14
       Other             |       |       |       |       |     1 |       ||     1

Levels and vault maps discovered:
D:1:      nzn_arrival_settlement, layout_basic,
          shapermc_ecumenical_altar_pompeii
D:2:      layout_loops_corners, serial_shops, shop, nicolae_underground_beach
D:3:      layout_basic, uniq_crazy_yiuf_cottage
D:4:      layout_loops_corners, tgw_sif, uniq_grinder
D:5:      layout_loops_ring, uniq_menkaure
D:6:      layout_basic, enter_ossuary_2, uniq_sigmund
D:7:      layout_loops_corners, lightli_temple_of_fire,
          minmay_temple_entry_crystal_x, kennysheep_generic_room_6
D:8:      layout_basic, mainiacjoe_overflow_small_starburst,
          introduction_to_nature_2
D:9:      layout_rooms, erik_orc_4, serial_shops, kennysheep_mini_moat
D:10:     layout_big_octagon, gammafunk_temple_overflow_claw, lair_entry_dummy
D:11:     layout_irregular_city, nicolae_qazlal_general_emergency
D:12:     layout_basic, ebering_ghost_disaster_area
D:13:     layout_grid_maze, hangedman_vaults_entry_quadrant_bands
D:14:     evilmike_library_of_no_secrets, layout_irregular_city,
          roderic_cross_of_infinity, gauntlet_entry_generic, nicolae_diode_basic
D:15:     gammafunk_enter_depths_forms, layout_loops_corners, serial_shops,
          nicolae_shop_stone, nicolae_benzene_ring, jiyva_altar_1
Temple:   compressed_dpeg_triangle_lava_temple
Lair:1:   layout_regular_city, maelrawn_ghost_gauntlet_escape
Lair:2:   layout_cave_pods, minmay_shoals_entry_beasts, dummy_spider_entry,
          infiniplex_staircase_pool, uniq_urug
Lair:3:   layout_roguey, basic_altar, serial_bayou_pond_c,
          nicolae_quartered_pool_medium, st_stairs_9, wad_woods_road_01
Lair:4:   minmay_guarded_unrand_snakebite, layout_concentric_octagons,
          enter_volcano_4, st_stairs_13, grunt_megastairs_4
Lair:5:   guppyfry_lair_end_dragon, layout_regular_city,
          hangedman_lair_in_review, slime_entry_1
Orc:1:    layout_caves, uniq_harold, uniq_erolcha, uniq_jorgrun
Orc:2:    grunt_orc_gardens, layout_diamond_mine, grunt_orc_garden,
          grunt_orc_garden, grunt_orc_garden, grunt_orc_garden, serial_shops,
          shop, ebering_ghost_inner_flame
Elf:1:    layout_geoelf_octagon, portal_desolation_entry_nicolae_slug,
          kilobyte_rumbling_trees
Elf:2:    elven_hall_of_blades_hangedman_original
          [nicolae_blade_entry_pointy_end], layout_loops_cross, serial_shops,
          shop, grunt_ministairs_14, uniq_roxanne, uniq_azrael, uniq_agnes
Elf:3:    elf_hall, layout_loops_corners, portal_ice_cave_entry_pillars_four,
          grunt_megastairs_2

Notes
Turn   | Place    | Note
-------+----------+-------------------------------------------
     0 | D:1      | mcsnuffer the Deep Elf Conjurer began the quest for the
                  | Orb.
     0 | D:1      | Reached XP level 1. HP: 10/10 MP: 6/6
   311 | D:1      | Reached skill level 4 in Spellcasting
   311 | D:1      | Reached XP level 2. HP: 15/15 MP: 7/9
   341 | D:1      | Found a faded altar of an unknown god.
  1001 | D:2      | Reached XP level 3. HP: 19/19 MP: 9/11
  1111 | D:2      | Learned a level 2 spell: Searing Ray
  1131 | D:2      | Reached skill level 5 in Spellcasting
  1232 | D:2      | Found List's Armour Boutique.
  1237 | D:2      | Bought a +0 robe for 7 gold pieces
  1237 | D:2      | Bought a +0 pair of boots for 49 gold pieces
  1911 | D:3      | Found a runed translucent door.
  1912 | D:3      | Noticed Crazy Yiuf
  2399 | D:4      | Noticed a scorpion
  2404 | D:4      | Reached skill level 5 in Conjurations
  2404 | D:4      | Reached XP level 4. HP: 20/24 MP: 8/13
  2407 | D:4      | Killed a scorpion
  2492 | D:4      | Noticed a sky beast
  2570 | D:3      | Reached skill level 3 in Stealth
  2570 | D:3      | Reached skill level 6 in Conjurations
  2570 | D:3      | Reached XP level 5. HP: 28/28 MP: 9/14
  3094 | D:4      | Noticed a sky beast
  3099 | D:4      | Killed a sky beast
  3100 | D:4      | Reached skill level 1 in Fighting
  3100 | D:4      | Reached skill level 3 in Dodging
  3100 | D:4      | Reached skill level 4 in Stealth
  3100 | D:4      | Reached XP level 6. HP: 15/34 MP: 7/15
  3325 | D:4      | Reached skill level 2 in Fighting
  3325 | D:4      | Reached skill level 4 in Dodging
  3623 | D:4      | Noticed Grinder
  3889 | D:4      | Learned a level 4 spell: Fulminant Prism
  3894 | D:4      | Learned a level 4 spell: Iskenderun's Mystic Blast
  4009 | D:4      | Killed a sky beast
  4010 | D:4      | Reached skill level 6 in Spellcasting
  4010 | D:4      | Reached XP level 7. HP: 40/40 MP: 12/19
  4336 | D:5      | Entered Level 5 of the Dungeon
  4361 | D:5      | Reached skill level 7 in Spellcasting
  4615 | D:5      | Reached skill level 8 in Spellcasting
  4625 | D:5      | Reached skill level 9 in Spellcasting
  4669 | D:5      | Reached XP level 8. HP: 20/44 MP: 4/23
  5014 | D:5      | Noticed Menkaure
  5021 | D:5      | Killed Menkaure
  5022 | D:5      | Reached skill level 5 in Stealth
  5022 | D:5      | Reached skill level 10 in Spellcasting
  5417 | D:5      | Identified the +3 glaive of Superiority {vorpal, Will++
                  | Str+7}
  5736 | D:4      | Killed Grinder
  5737 | D:4      | Reached skill level 11 in Spellcasting
  5827 | D:4      | Found a shimmering blue altar of Sif Muna.
  5948 | D:6      | Noticed Sigmund
  5952 | D:6      | Killed Sigmund
  5953 | D:6      | Reached skill level 12 in Spellcasting
  6051 | D:6      | Reached skill level 7 in Conjurations
  6121 | D:6      | Identified the +0 robe "Xoceip Mun" {*Slow rElec rF+ rC+}
  6342 | D:6      | Reached XP level 9. HP: 48/48 MP: 21/27
  6401 | D:6      | Reached skill level 8 in Conjurations
  7335 | D:7      | Found a bloodstained altar of Trog.
  7493 | D:7      | Reached skill level 9 in Conjurations
  7637 | D:7      | Reached skill level 5 in Dodging
  7742 | D:7      | Learned a level 4 spell: Airstrike
  8183 | D:7      | Reached skill level 6 in Dodging
  8183 | D:7      | Reached skill level 10 in Conjurations
  8329 | D:7      | Found a staircase to the Ecumenical Temple.
  8367 | D:7      | Reached skill level 1 in Air Magic
  8713 | D:8      | Reached skill level 2 in Air Magic
  9061 | D:8      | Reached skill level 3 in Air Magic
  9280 | D:8      | Reached XP level 10. HP: 29/53 MP: 14/28
  9443 | D:8      | Reached skill level 1 in Evocations
  9711 | D:8      | Found a blossoming altar of Fedhas.
  9885 | D:8      | Reached skill level 7 in Dodging
  9986 | D:9      | Reached skill level 2 in Evocations
  9996 | D:9      | Reached skill level 4 in Air Magic
 10114 | D:8      | Learned a level 3 spell: Swiftness
 10235 | D:9      | Reached skill level 3 in Evocations
 10299 | D:9      | Found Qedaiz's Assorted Antiques.
 10302 | D:9      | Bought a scroll labelled DYP DUNASMESUST for 17 gold pieces
 10302 | D:9      | Bought a scroll of identify for 34 gold pieces
 10302 | D:9      | Bought a scroll of identify for 34 gold pieces
 10302 | D:9      | Bought a tubular ruby ring for 85 gold pieces
 10302 | D:9      | Bought a scroll labelled EKLADE BONOSOI for 17 gold pieces
 10587 | D:9      | Reached skill level 5 in Air Magic
 10593 | D:9      | Reached skill level 4 in Evocations
 10711 | D:9      | Reached skill level 6 in Air Magic
 11003 | D:9      | Found a staircase to the Orcish Mines.
 11320 | Temple   | Entered the Ecumenical Temple
 11550 | Temple   | Became a worshipper of Vehumet
 11681 | D:10     | Entered Level 10 of the Dungeon
 11821 | D:10     | Reached skill level 7 in Air Magic
 11920 | D:9      | Reached skill level 3 in Fighting
 12154 | D:10     | Reached skill level 4 in Fighting
 12292 | D:10     | Reached XP level 11. HP: 44/59 MP: 13/29
 12479 | D:10     | Reached skill level 11 in Conjurations
 12647 | D:10     | Found a staircase to the Lair.
 12728 | D:10     | Found an ancient bone altar of Kikubaaqudgha.
 12728 | D:10     | Found a glowing silver altar of Zin.
 12728 | D:10     | Found a shadowy altar of Dithmenos.
 13139 | D:11     | Noticed a two-headed ogre
 13153 | D:11     | Killed a two-headed ogre
 13287 | D:11     | Found a stormy altar of Qazlal.
 13520 | D:11     | Noticed a two-headed ogre
 13537 | D:11     | Killed a two-headed ogre
 13701 | D:11     | Reached * piety under Vehumet
 13701 | D:11     | Offered knowledge of Freeze by Vehumet.
 13702 | D:11     | Reached skill level 8 in Air Magic
 13862 | D:11     | Reached skill level 12 in Conjurations
 14178 | D:12     | Noticed a two-headed ogre
 14184 | D:12     | Killed a two-headed ogre
 14192 | D:12     | Reached skill level 9 in Air Magic
 14337 | D:12     | Learned a level 6 spell: Iron Shot
 14372 | D:12     | Noticed a deep elf pyromancer
 14467 | Lair:1   | Entered Level 1 of the Lair of Beasts
 14519 | Lair:1   | Noticed a minotaur
 14521 | Lair:1   | Noticed Hrothgar's ghost (journeyman MeFi)
 14545 | Lair:1   | Reached skill level 1 in Earth Magic
 14608 | Lair:1   | Reached skill level 6 in Stealth
 14969 | Lair:1   | Reached skill level 2 in Earth Magic
 15329 | Lair:1   | Found a runed translucent gate.
 15329 | Lair:1   | Found a runed translucent gate.
 15329 | Lair:1   | Found a runed translucent gate.
 15835 | Lair:1   | Reached skill level 7 in Stealth
 15835 | Lair:1   | Reached skill level 3 in Earth Magic
 16135 | Lair:2   | Noticed a seven-headed hydra
 16147 | Lair:2   | Killed a seven-headed hydra
 16148 | Lair:2   | Reached skill level 13 in Spellcasting
 16148 | Lair:2   | Reached XP level 12. HP: 66/66 MP: 7/31
 16485 | Lair:2   | Reached skill level 4 in Earth Magic
 16675 | Lair:2   | Noticed Urug
 16684 | Lair:2   | Killed Urug
 16685 | Lair:2   | Reached skill level 8 in Stealth
 16809 | Lair:2   | Found a hole to the Spider Nest.
 16815 | Lair:2   | Found a staircase to the Shoals.
 16835 | Lair:2   | Reached skill level 5 in Earth Magic
 17816 | Lair:3   | Reached skill level 14 in Spellcasting
 17943 | Lair:3   | Identified the +4 robe of Articulation {rPois rN+}
 18078 | Lair:3   | Reached skill level 6 in Earth Magic
 18382 | Lair:3   | Found a shimmering altar of Xom.
 18814 | Lair:4   | Found a dark tunnel.
 18819 | Volcano  | Entered a volcano
 18900 | Volcano  | Reached ** piety under Vehumet
 18900 | Volcano  | Offered knowledge of Sandblast by Vehumet.
 19063 | Volcano  | Reached skill level 7 in Earth Magic
 19160 | Volcano  | Reached skill level 13 in Conjurations
 19161 | Volcano  | Noticed a fire dragon
 19278 | Volcano  | Killed a fire dragon
 19357 | Volcano  | Reached skill level 15 in Spellcasting
 19364 | Volcano  | Gained mutation: You occasionally shout uncontrollably at
                  | your foes. [potion of mutation]
 19364 | Volcano  | Gained mutation: You expend magic power (3 MP) to
                  | strengthen your wands. [potion of mutation]
 19364 | Volcano  | Gained mutation: Armour fits poorly on your strangely
                  | shaped body. [potion of mutation]
 19365 | Volcano  | Lost mutation: You expend magic power (3 MP) to strengthen
                  | your wands. [potion of mutation]
 19365 | Volcano  | Lost mutation: Armour fits poorly on your strangely shaped
                  | body. [potion of mutation]
 19365 | Volcano  | Gained mutation: You passively dampen the noise of your
                  | surroundings. [potion of mutation]
 19366 | Volcano  | Lost mutation: You passively dampen the noise of your
                  | surroundings. [potion of mutation]
 19366 | Volcano  | Lost mutation: You occasionally shout uncontrollably at
                  | your foes. [potion of mutation]
 19366 | Volcano  | Gained mutation: Your flesh is cold resistant. (rC+)
                  | [potion of mutation]
 19366 | Volcano  | Gained mutation: Potions are less effective at restoring
                  | your health. [potion of mutation]
 19366 | Volcano  | Gained mutation: You are strong-willed. (Will+) [potion of
                  | mutation]
 19694 | Lair:4   | Reached XP level 13. HP: 70/70 MP: 23/34
 19728 | Lair:4   | Reached skill level 8 in Earth Magic
 20054 | Lair:4   | Offered knowledge of Frozen Ramparts by Vehumet.
 20851 | Lair:4   | Reached skill level 5 in Fighting
 20932 | Lair:4   | Found the +8 whip "Snakebite" {venom, curare, rPois}
 21314 | Lair:5   | Entered Level 5 of the Lair of Beasts
 21406 | Lair:5   | Found a staircase to the Slime Pits.
 21406 | Lair:5   | Found a viscous altar of Jiyva.
 21419 | Lair:5   | Reached *** piety under Vehumet
 21426 | Lair:5   | Reached skill level 9 in Earth Magic
 21537 | Lair:5   | Offered knowledge of Stone Arrow by Vehumet.
 21540 | Lair:5   | Reached skill level 14 in Conjurations
 22086 | Lair:5   | Noticed a fire dragon
 22096 | Lair:5   | Killed a fire dragon
 22099 | Lair:5   | Reached skill level 9 in Stealth
 22609 | Lair:5   | Reached skill level 6 in Fighting
 22825 | Lair:4   | Reached skill level 10 in Earth Magic
 22825 | Lair:4   | Reached **** piety under Vehumet
 23313 | Lair:5   | Reached skill level 10 in Stealth
 23920 | Lair:5   | Reached skill level 8 in Dodging
 24111 | Lair:5   | Noticed a dire elephant
 24134 | Lair:4   | Offered knowledge of Flame Wave by Vehumet.
 24311 | Lair:4   | Reached skill level 9 in Dodging
 24410 | Lair:5   | Reached XP level 14. HP: 75/80 MP: 11/35
 24799 | Lair:5   | Reached skill level 10 in Dodging
 25224 | Lair:5   | Reached skill level 11 in Dodging
 25689 | Lair:1   | Killed Hrothgar's ghost
 26041 | Orc:1    | Entered Level 1 of the Orcish Mines
 26055 | Orc:1    | Noticed Harold
 26057 | Orc:1    | Noticed Erolcha
 26061 | Orc:1    | Noticed Jorgrun
 26062 | Orc:1    | Killed Harold
 26346 | Orc:1    | Killed Jorgrun
 26521 | Orc:1    | Killed Erolcha
 26522 | Orc:1    | Reached skill level 11 in Earth Magic
 27027 | Orc:2    | Entered Level 2 of the Orcish Mines
 27028 | Orc:2    | Reached ***** piety under Vehumet
 27035 | Orc:2    | Offered knowledge of Lee's Rapid Deconstruction by Vehumet.
 27166 | Orc:2    | Reached skill level 12 in Dodging
 27302 | Orc:2    | Found Zucrephu's Antique Weapon Emporium.
 27302 | Orc:2    | Noticed a stone giant
 27346 | Orc:2    | Found Bed Ynar's Book Emporium.
 27355 | Orc:2    | Upgraded the game from 0.29.1-13-g9f3cf754e1 to
                  | 0.29.1-14-g9c671dbff4
 27412 | Orc:2    | Found a runed translucent door.
 27417 | Orc:2    | Noticed om's ghost (journeyman DjFE)
 27423 | Orc:2    | Killed om's ghost
 27629 | Orc:2    | Found Gahuh's General Store.
 27641 | Orc:2    | Bought a scroll of blinking for 105 gold pieces
 27641 | Orc:2    | Bought a scroll of identify for 28 gold pieces
 27641 | Orc:2    | Bought a scroll of amnesia for 56 gold pieces
 27661 | Orc:2    | Found Haroun's Magic Scroll Boutique.
 27669 | Orc:2    | Bought a scroll of teleportation for 33 gold pieces
 27669 | Orc:2    | Bought a scroll of identify for 22 gold pieces
 27669 | Orc:2    | Bought a scroll of identify for 22 gold pieces
 27683 | Orc:2    | Found Radwuz's Antique Armour Boutique.
 27774 | Orc:2    | Bought a pair of masterwork gloves for 266 gold pieces
 27774 | Orc:2    | Identified the +1 pair of gloves "Comomufo" {-Tele Str+2
                  | Int+5} (You bought it in a shop on level 2 of the Orcish
                  | Mines)
 27775 | Orc:2    | Found a staircase to the Elven Halls.
 27998 | Orc:2    | Killed a stone giant
 28518 | Elf:1    | Entered Level 1 of the Elven Halls
 28729 | D:3      | Found a runed translucent door.
 28734 | D:3      | Killed Crazy Yiuf
 29581 | D:12     | Found a large runed translucent door.
 29581 | D:12     | Found a large runed translucent door.
 29778 | Orc:2    | Bought a book of Dangerous Friends for 520 gold pieces
 29778 | Orc:2    | Bought a book of the Moon for 520 gold pieces
 29786 | Orc:2    | Learned a level 7 spell: Spellforged Servitor
 29798 | Orc:2    | Learned a level 8 spell: Lehudib's Crystal Spear
 30080 | D:12     | Noticed Pelo's ghost (journeyman HOBe)
 30300 | D:13     | Reached skill level 7 in Fighting
 30564 | D:13     | Reached skill level 1 in Summonings
 31293 | D:13     | Reached skill level 12 in Earth Magic
 31293 | D:13     | Reached XP level 15. HP: 74/86 MP: 13/36
 31387 | D:13     | Reached skill level 2 in Summonings
 31537 | D:13     | Reached skill level 13 in Dodging
 32381 | D:13     | Found a gate to the Vaults.
 32766 | D:13     | Offered knowledge of Fireball by Vehumet.
 32877 | D:13     | Reached skill level 3 in Summonings
 33089 | D:13     | Identified the +2 broad axe of Invincibility {pain, rC+ rN+
                  | Int-4}
 33218 | D:14     | Reached skill level 8 in Fighting
 33249 | D:14     | Found a gate leading to a gauntlet.
 33260 | Gauntlet | Entered a Gauntlet
 33260 | Gauntlet | Found a transporter.
 33260 | Gauntlet | Found a runed translucent door.
 33351 | Gauntlet | Found a runed translucent door.
 33367 | Gauntlet | Found a transporter.
 33369 | Gauntlet | Found a transporter.
 33378 | Gauntlet | Found a runed translucent door.
 33380 | Gauntlet | Found a transporter.
 33382 | Gauntlet | Found a transporter.
 33390 | Gauntlet | Found a transporter.
 33406 | Gauntlet | Found a transporter.
 33421 | Gauntlet | Found a transporter.
 33421 | Gauntlet | Found the amulet of the Four Winds {rN+ Will+++ Clar}
 33428 | Gauntlet | Found a transporter.
 33442 | Gauntlet | Found a transporter.
 33453 | Gauntlet | Found a transporter.
 33454 | Gauntlet | Found a transporter.
 33504 | Gauntlet | Found a transporter.
 33519 | Gauntlet | Found a transporter.
 33728 | Gauntlet | Identified the +3 battleaxe "Grum" {protect, rPois Will+
                  | Dex+2}
 33792 | Gauntlet | Identified the ring of Beijosun {*Slow rF+ rC+++ Str+10
                  | Int-3}
 34666 | D:14     | Reached skill level 1 in Shields
 34749 | D:14     | Reached skill level 2 in Shields
 34904 | D:14     | Reached skill level 3 in Shields
 35110 | D:14     | Got the Textbook on Evil
 35114 | D:14     | Learned a level 2 spell: Sublimation of Blood
 35133 | D:14     | Found a shimmering blue altar of Sif Muna.
 35326 | D:14     | Identified the +7 falchion "Yrhi" {venom, Stlth+}
 35410 | D:14     | Reached skill level 4 in Shields
 35480 | D:14     | Got the Omnibus of Twisted Terrain
 35495 | D:14     | Got Gikuheycs's Quarto of Combustion
 35567 | D:14     | Reached skill level 5 in Shields
 35644 | D:14     | Got the Catalogue of the Grave
 35717 | D:14     | Reached skill level 16 in Spellcasting
 35717 | D:14     | Reached skill level 4 in Summonings
 35908 | D:14     | Found a transporter.
 36317 | D:15     | Entered Level 15 of the Dungeon
 36460 | D:15     | Reached skill level 5 in Summonings
 36918 | D:15     | Reached skill level 9 in Fighting
 36930 | D:15     | Offered knowledge of Lightning Bolt by Vehumet.
 37099 | D:15     | Reached skill level 6 in Summonings
 37410 | D:15     | Reached XP level 16. HP: 96/96 MP: 35/38
 37410 | D:15     | Found a staircase to the Depths.
 37600 | D:15     | Found a viscous altar of Jiyva.
 37965 | D:15     | Reached skill level 7 in Summonings
 38063 | D:15     | Found Ynoa's Antique Armour Shop.
 38071 | D:15     | Bought a distressingly furry robe for 228 gold pieces
 38071 | D:15     | Identified the +1 robe of the Desolation of Salt {Str+4
                  | Slay+3} (You bought it in a shop on level 15 of the
                  | Dungeon)
 38072 | D:15     | Bought a glowing cloak for 300 gold pieces
 39026 | Elf:1    | Reached skill level 8 in Summonings
 39179 | Elf:1    | Reached skill level 10 in Fighting
 39662 | Elf:1    | Reached skill level 9 in Summonings
 39665 | Elf:1    | Offered knowledge of Freezing Cloud by Vehumet.
 40308 | Elf:1    | Reached skill level 10 in Summonings
 40451 | Elf:2    | Found Qori Pugh's Distillery.
 40877 | Elf:2    | Reached skill level 11 in Fighting
 41628 | Elf:2    | Reached skill level 14 in Dodging
 41659 | Elf:2    | Found a runed translucent gate.
 41659 | Elf:2    | Found a runed translucent gate.
 41667 | Elf:2    | Found a runed translucent gate.
 41691 | Elf:2    | Noticed Roxanne
 42132 | Elf:2    | Killed Roxanne
 42133 | Elf:2    | Reached skill level 15 in Conjurations
 42366 | Elf:2    | Noticed Azrael
 42371 | Elf:2    | Killed Azrael
 42371 | Elf:2    | Noticed Agnes
 42625 | Elf:2    | Noticed a deep elf blademaster
 42628 | Elf:2    | Killed a deep elf blademaster
 42629 | Elf:2    | Reached XP level 17. HP: 104/104 MP: 27/39
 42635 | Elf:2    | Killed Agnes
 43056 | Elf:2    | Offered knowledge of Yara's Violent Unravelling by Vehumet.
 43062 | Elf:2    | Reached skill level 16 in Conjurations
 43312 | Elf:2    | Reached skill level 11 in Summonings
 43680 | Elf:3    | Entered Level 3 of the Elven Halls
 43730 | Elf:3    | Found a frozen archway.
 43744 | IceCv    | Entered an ice cave
 44204 | IceCv    | Reached skill level 17 in Spellcasting
 44423 | IceCv    | Found a viscous altar of Jiyva.
 44842 | Elf:3    | Learned a level 6 spell: Summon Cactus Giant
 44898 | Elf:3    | Identified the +9 long sword "Woph" {spect, *Corrode rF++
                  | rN+}
 44946 | Elf:3    | Quit the game

Vanquished Creatures
  Jorgrun (Orc:1)
  A deep elf blademaster (Elf:2)
  Agnes (Elf:2)
  Roxanne (Elf:2)
  A rockslime (IceCv)
  2 azure jellies (IceCv)
  2 deep elf sorcerers (Elf:2)
  5 quicksilver oozes (IceCv)
  A deep elf demonologist (D:14)
  A stone giant (Orc:2)
  The ghost of om the Thaumaturge, a journeyman DjFE of Ashenzari (Orc:2)
  A deep elf annihilator (D:14)
  2 minotaurs
  Azrael (Elf:2)
  A dire elephant (Lair:5)
  3 ettins (Orc:2)
  2 fire dragons
  A deep elf high priest (Elf:2)
  The ghost of Hrothgar the Spear-Bearer, a journeyman MeFi of Ru (Lair:1)
  3 boulder beetles (D:14)
  7 hydras
  A rakshasa (D:15)
  A great orb of eyes (Gauntlet)
  Erolcha (Orc:1)
  Harold (Orc:1)
  A catoblepas (Lair:5)
  6 centaur warriors
  20 dancing weapons
  4 two-headed ogres
  3 death yaks (Lair:5)
  2 tengu warriors
  Urug (Lair:2)
  17 deep elf knights
  5 sun demons (Volcano)
  5 skeletal warriors (D:13)
  A sixfirhy (Gauntlet)
  A spriggan druid (Elf:1)
  A swamp dragon (Lair:5)
  A glowing orange brain (D:15)
  2 lindwurms (Lair:5)
  25 deep elf zephyrmancers
  3 orc knights
  34 deep elf pyromancers
  13 deep elf archers
  A wolf spider (Lair:5)
  4 orc sorcerers
  20 ugly things
  12 cyclopes
  3 manticores
  13 elephants
  10 black mambas
  A gargoyle (D:10)
  A torpor snail (Lair:5)
  An eye of devastation (shapeshifter) (D:15)
  4 centaur skeletons (D:13)
  6 cane toads
  2 unseen horrors (D:12)
  8 komodo dragons
  A minotaur zombie (Gauntlet)
  A smoke demon (Volcano)
  8 kobold demonologists
  A rime drake (shapeshifter) (D:15)
  6 rime drakes
  4 tengu conjurers
  3 polar bears
  2 trolls (D:11)
  Grinder (D:4)
  A wind drake (Lair:2)
  9 blink frogs
  21 slime creatures
  2 hornets (Lair:5)
  7 dream sheep (Lair:5)
  2 water elementals
  Sigmund (D:6)
  4 wraiths
  2 wyverns (D:7)
  49 yaks
  8 basilisks
  7 steam dragons
  10 fire elementals
  9 vampire mosquitoes
  Menkaure (D:5)
  2 wargs
  3 swamp worms (Gauntlet)
  3 acid dragons
  5 hell hounds
  21 water moccasins
  A swamp drake (Lair:5)
  5 sky beasts
  2 great orb of eyes simulacra (IceCv)
  3 ice beasts
  2 black bears
  15 orc warriors
  6 wolves
  4 ogres
  25 centaurs
  A phantom (D:6)
  6 slime creature simulacra (IceCv)
  4 kobold brigands
  11 bullfrogs
  2 necrophages
  3 earth elementals
  2 gnoll sergeants
  4 scorpions
  5 glowing shapeshifter simulacra (IceCv)
  4 wights
  5 killer bees (D:9)
  2 howler monkeys
  4 hounds
  5 jellies
  15 orc priests
  Crazy Yiuf (D:3)
  7 iguanas
  18 orc wizards
  13 hell rats
  A boggart simulacrum (D:15)
  10 gnolls
  11 adders
  2 shadow imps
  2 white imps
  5 ufetubi
  A worm (D:4)
  A dart slug (D:1)
  46 orcs
  3 endoplasms
  3 giant cockroaches
  4 hobgoblins
  3 jackals (D:8)
  A quokka (D:5)
  11 ball pythons
  4 bats
  3 frilled lizards
  3 goblins
  22 kobolds
  4 rats
783 creatures vanquished.

Vanquished Creatures (collateral kills)
  A dancing weapon (Elf:2)
  2 deep elf knights
  4 deep elf archers
  A deep elf zephyrmancer (Elf:3)
  3 deep elf pyromancers (Elf:2)
  2 ugly things (D:14)
  A black mamba (shapeshifter) (D:14)
  4 slime creatures (IceCv)
  2 fire elementals (Elf:2)
20 creatures vanquished.

Vanquished Creatures (others)
  A wizard (D:14)
  A slime creature (IceCv)
  A glowing shapeshifter simulacrum (IceCv)
  3 bushes
  23 fulminant prisms
  46 fungi
  56 plants
131 creatures vanquished.

Grand Total: 934 creatures vanquished

Table legend: (Time is in decaauts)
 A = Elapsed time spent in this place.
 B = Non-inter-level travel time spent in this place.
 C = Inter-level travel time spent in this place.
 D = Time resting spent in this place.
 E = Time spent auto-exploring this place.
 F = Levels seen in this place.
 G = Mean time per level.
                   A        B        C        D        E       F      G
               +--------+--------+--------+--------+--------+-----+--------+
         Total |  45019 |  41860 |   3159 |  15878 |  16879 |  29 | 1552.4 |
       Dungeon |  23845 |  21425 |   2420 |   6529 |  10321 |  15 | 1589.7 |
        Temple |    244 |    244 |      0 |      0 |    209 |   1 |  244.0 |
          Lair |  10800 |  10413 |    387 |   4747 |   4339 |   5 | 2160.0 |
  Orcish Mines |   2390 |   2214 |    176 |    858 |    768 |   2 | 1195.0 |
   Elven Halls |   5373 |   5199 |    174 |   2518 |   1061 |   3 | 1791.0 |
      Ice Cave |    927 |    927 |      0 |    523 |      0 |   1 |  927.0 |
       Volcano |    658 |    658 |      0 |    349 |     43 |   1 |  658.0 |
      Gauntlet |    778 |    778 |      0 |    354 |    138 |   1 |  778.0 |
               +--------+--------+--------+--------+--------+-----+--------+

Top non-repeatable levels by time:
    D:13: 3303 daAuts
   Elf:2: 3211 daAuts
  Lair:5: 3161 daAuts
  Lair:4: 2448 daAuts
     D:9: 2331 daAuts
    D:15: 1997 daAuts
  Lair:1: 1924 daAuts
   Elf:1: 1864 daAuts
    D:14: 1811 daAuts
     D:4: 1766 daAuts
  Lair:2: 1739 daAuts
     D:8: 1546 daAuts
    D:12: 1546 daAuts
  Lair:3: 1525 daAuts
   Orc:2: 1499 daAuts

Table legend:
 A = Non-vault XP
 B = Vault XP
 C = Vault XP percentage of total XP
 D = Non-vault monster count
 E = Vault monster count
 F = Vault count percentage of total count
                 A         B        C        D         E       F
            +---------+---------+-------+---------+---------+-------
      Total |  139668 |  117942 |  45.8 |     534 |     272 |  33.7
            +---------+---------+-------+---------+---------+-------
        D:1 |      15 |       0 |   0.0 |       9 |       0 |   0.0
        D:2 |      35 |       0 |   0.0 |      15 |       0 |   0.0
        D:3 |     100 |      40 |  28.6 |      11 |       1 |   8.3
        D:4 |     653 |     312 |  32.3 |      20 |       2 |   9.1
        D:5 |     911 |     172 |  15.9 |      18 |       1 |   5.3
        D:6 |    1017 |     223 |  18.0 |      12 |       1 |   7.7
        D:7 |    1164 |     159 |  12.0 |      19 |       2 |   9.5
        D:8 |     732 |     375 |  33.9 |      19 |      16 |  45.7
        D:9 |    3003 |     560 |  15.7 |      36 |      18 |  33.3
       D:10 |    2953 |       0 |   0.0 |      16 |       0 |   0.0
       D:11 |    4050 |       0 |   0.0 |      13 |       0 |   0.0
       D:12 |    6447 |       0 |   0.0 |      14 |       0 |   0.0
       D:13 |   10922 |    5951 |  35.3 |      32 |      16 |  33.3
       D:14 |   10260 |   10405 |  50.4 |      19 |      20 |  51.3
       D:15 |   12853 |    5062 |  28.3 |      40 |      13 |  24.5
     Lair:1 |    3398 |    2521 |  42.6 |      15 |       4 |  21.1
     Lair:2 |    4459 |    1573 |  26.1 |      17 |       3 |  15.0
     Lair:3 |    2354 |    1004 |  29.9 |      10 |       3 |  23.1
     Lair:4 |    6958 |    4436 |  38.9 |      26 |      16 |  38.1
     Lair:5 |   12105 |   13653 |  53.0 |      45 |      33 |  42.3
      Orc:1 |    1003 |    3595 |  78.2 |      23 |       3 |  11.5
      Orc:2 |     852 |    9147 |  91.5 |      14 |      13 |  48.1
      Elf:1 |   23436 |    1262 |   5.1 |      40 |       4 |   9.1
      Elf:2 |   25716 |   28515 |  52.6 |      43 |      40 |  48.2
      Elf:3 |    3748 |    4510 |  54.6 |       6 |       7 |  53.8
      IceCv |     524 |   13660 |  96.3 |       2 |      32 |  94.1
    Volcano |       0 |    6249 | 100.0 |       0 |      13 | 100.0
   Gauntlet |       0 |    4558 | 100.0 |       0 |      11 | 100.0
            +---------+---------+-------+---------+---------+-------
